 Dungeon Crawl Stone Soup version 0.27.0-1-g7a089689b8 (webtiles) character file.

Game seed: 17916607735422257241

2541 canonizer the Cleaver (level 9, -8/56 HPs)
             Began as a Gargoyle Berserker on Aug 8, 2021.
             Was a Priest of Trog.
             Mangled by an ogre (11 damage)
             ... on level 7 of the Dungeon.
             The game lasted 00:10:12 (7995 turns).

canonizer the Cleaver (Gargoyle Berserker)          Turns: 7995, Time: 00:10:13

Health: -8/56      AC: 12    Str: 24    XL:     9   Next: 55%
Magic:  9/9        EV: 12    Int:  8    God:    Trog [***...]
Gold:   122        SH:  0    Dex:  9    Spells: 8/8 levels left

rFire    . . .     SeeInvis .   m - +0 war axe
rCold    . . .     Faith    .   (no shield)
rNeg     + . .     Spirit   .   n - +0 leather armour
rPois    ∞         Reflect  .   (no helmet)
rElec    +         Harm     .   s - +1 cloak
rCorr    .         Rampage  .   (no gloves)
Will     ++...                  (no boots)
Stlth    ++........             (no amulet)
HPRegen  1.18/turn              e - ring of flight
MPRegen  0.11/turn              (no ring)

@: strong-willed, on berserk cooldown, flying, regenerating, slowed, studying
Shields, very slow
A: sickness immunity, AC +6, negative energy resistance 1, electricity
resistance, torment resistance 1, petrification resistance
a: Renounce Religion, Berserk, Trog's Hand


You were on level 7 of the Dungeon.
You worshipped Trog.
Trog was most pleased with you.
You visited 1 branch of the dungeon, and saw 7 of its levels.

You collected 271 gold pieces.
You spent 149 gold pieces at shops.

Inventory:

Hand Weapons
 m - a +0 war axe (weapon)
 r - a +1 war axe of distortion
Armour
 n - a +0 leather armour (worn)
 s - a +1 cloak (worn)
Jewellery
 e - a ring of flight (left hand)
Wands
 l - a wand of iceblast (7)
Scrolls
 a - a scroll of magic mapping {unknown}
 b - a scroll of acquirement {unknown}
 d - a scroll of enchant weapon {unknown}
 i - 5 scrolls of identify {unknown}
 j - a scroll of brand weapon {unknown}
 k - a scroll of vulnerability {unknown}
 o - a scroll of fear {unknown}
 q - 2 scrolls of teleportation {unknown}
Potions
 c - 2 potions of curing {unknown}
 f - 2 potions of might {unknown}
 g - 2 potions of lignification {unknown}
 h - a potion of attraction {unknown}
 p - a potion of heal wounds {unknown}


   Skills:
 + Level 6.6 Fighting
 + Level 9.0 Axes
 + Level 3.9 Armour
 + Level 4.2 Dodging
 + Level 4.2 Stealth


You had 8 spell levels left.
You didn't know any spells.
Your spell library was empty.

Dungeon Overview and Level Annotations

Branches:
Dungeon (7/15)             Temple (0/1) D:6

Altars:
Kikubaaqudgha
Makhleb
Okawaru
Ru
Sif Muna
Wu Jian
Zin
The Shining One

Shops:
D:1 [   D:2 (   D:6 (


Innate Abilities, Weirdness & Mutations

You are immune to sickness and miasma.
Your stone body is resilient. (AC +6)
You are immune to poison.
You resist negative energy. (rN+)
You are resistant to electric shocks. (rElec)
You are resistant to unholy torment.
You are immune to petrification.


Message History

The gnoll closely misses you.
You barely miss the gnoll. The gnoll hits you with a +0 whip.
You are too injured to fight recklessly!
You are too injured to fight recklessly!
You are too injured to fight recklessly!
You slash the gnoll!
You kill the gnoll!
Trog accepts your kill.
You hit the ogre.
The ogre is lightly wounded.
The ogre hits you with a +0 giant club!
You slash the ogre!
The ogre is heavily wounded.
You closely miss the gnoll. You barely miss the ogre.
The ogre is heavily wounded.
You slash the gnoll! The gnoll misses you. The ogre barely misses you.
You barely miss the ogre.
The ogre is heavily wounded.
You slice the gnoll!!
You kill the gnoll!
Trog accepts your kill.
You are no longer berserk.
You are exhausted.
You feel yourself slow down.
You hit the ogre.
The ogre is severely wounded.
The ogre barely misses you.
The ogre hits you with a +0 giant club!!
* * * LOW HITPOINT WARNING * * *
Unknown command.
Drop what? 19/52 slots (_ for help) (? for menu, Esc to quit)
Okay, then.
Unknown command.
Things that are here:
a +0 club; a gnoll corpse Your skin crawls.
You feel strong-willed. The ogre hits you with a +0 giant club!
You die...

......... ...
........##..#
............# #
...........$#..
............. ###
#.)).....#. ...
#........ ....
###O......#
.....##.@).###..#
.....#...###.. .
#.......## .# #
##.##...####.# ..
##.....#..## ..
#..........#.#
..###..##.#......#
....##.###...##...
#.#....#..........


You could see an ogre.

Vanquished Creatures
  A deep elf pyromancer (D:7)
  An orc warrior (D:6)
  2 ice beasts (D:6)
  A sky beast (D:6)
  A black bear (D:6)
  A necrophage (D:3)
  3 ogres
  A phantom (D:5)
  5 scorpions
  2 bullfrogs
  A bullfrog zombie (D:6)
  A centaur zombie (D:6)
  A hound (D:5)
  Crazy Yiuf (D:6)
  An orc priest (D:4)
  5 jellies
  4 iguanas
  4 orc wizards
  A killer bee zombie (D:6)
  A hound zombie (D:5)
  2 hound skeletons (D:4)
  9 adders
  4 gnolls (D:7)
  2 shadow imps (D:5)
  2 worms
  11 orcs
  8 ball pythons
  4 endoplasms
  7 giant cockroaches
  3 hobgoblins
  4 jackals (D:2)
  2 quokkas
  9 bats
  6 frilled lizards
  8 goblins
  10 kobolds
  3 rats
132 creatures vanquished.

Vanquished Creatures (others)
  3 fungi (D:6)
3 creatures vanquished.

Grand Total: 135 creatures vanquished

Notes
Turn   | Place    | Note
-------+----------+-------------------------------------------
     0 | D:1      | canonizer the Gargoyle Berserker began the quest for the
                  | Orb.
     0 | D:1      | Reached XP level 1. HP: 14/14 MP: 1/1
    26 | D:1      | Found Sant's Armour Shoppe.
   332 | D:1      | Reached XP level 2. HP: 15/19 MP: 2/2
   626 | D:1      | Reached skill level 3 in Axes
  1255 | D:2      | Reached XP level 3. HP: 15/24 MP: 3/3
  1654 | D:2      | Reached ** piety under Trog
  1819 | D:2      | Reached XP level 4. HP: 25/29 MP: 4/4
  2340 | D:2      | Found a faded altar of an unknown god.
  2428 | D:2      | Found Mewa's Antique Weapon Shoppe.
  2555 | D:3      | Found an ornate altar of the Wu Jian Council.
  2559 | D:3      | Noticed a necrophage
  2573 | D:3      | Killed a necrophage
  2574 | D:3      | Reached skill level 4 in Axes
  2574 | D:3      | Reached skill level 1 in Stealth
  2574 | D:3      | Reached XP level 5. HP: 30/33 MP: 5/5
  2723 | D:3      | Found a glowing golden altar of the Shining One.
  3589 | D:4      | Found an iron altar of Okawaru.
  3594 | D:4      | Found a shimmering blue altar of Sif Muna.
  3646 | D:4      | Reached XP level 6. HP: 34/38 MP: 6/6
  4067 | D:4      | Reached *** piety under Trog
  4073 | D:4      | Reached skill level 5 in Axes
  4179 | D:4      | Reached XP level 7. HP: 42/44 MP: 7/7
  4995 | D:4      | Found an ancient bone altar of Kikubaaqudgha.
  5088 | D:5      | Entered Level 5 of the Dungeon
  5210 | D:5      | Reached skill level 5 in Fighting
  5271 | D:5      | Reached skill level 6 in Axes
  5459 | D:5      | Reached XP level 8. HP: 49/49 MP: 8/8
  5950 | D:5      | Found a glowing silver altar of Zin.
  6163 | D:6      | Found a staircase to the Ecumenical Temple.
  6181 | D:6      | Reached skill level 7 in Axes
  6492 | D:6      | Found Roaraf's Antique Weapon Emporium.
  6506 | D:6      | Bought a runed war axe for 149 gold pieces
  6532 | D:6      | Found a sacrificial altar of Ru.
  6704 | D:6      | Found a burning altar of Makhleb.
  7079 | D:6      | Reached XP level 9. HP: 36/55 MP: 9/9
  7229 | D:6      | Reached skill level 8 in Axes
  7599 | D:6      | Found a runed translucent door.
  7600 | D:6      | Noticed Crazy Yiuf
  7606 | D:6      | Killed Crazy Yiuf
  7733 | D:7      | Noticed a deep elf pyromancer
  7748 | D:7      | Killed a deep elf pyromancer
  7983 | D:7      | Reached skill level 9 in Axes
  7992 | D:7      | HP: 1/56 [ogre (21)]
  7995 | D:7      | Mangled by an ogre

Illustrated notes

Levels and vault maps discovered:
D:1:      saegor_arrival_simple_d, layout_loops_ring, serial_shops,
          nicolae_shop_stone
D:2:      layout_loops_cross, hellmonk_ecumenical_altar_inner_sanctum,
          serial_shops, shop, amcnicky_mini_corridor_feature
D:3:      layout_basic, lemuel_tele_altar, nicolae_wu_jian_wuxing_cycle,
          grunt_ministairs_1, kennysheep_generic_room_6
D:4:      layout_gridville, okawaru_trees_1, kennysheep_mini,
          nicolae_sif_muna_condensation, minmay_manual_moon
D:5:      layout_cave_pools, mainiacjoe_overflow_boulevard
D:6:      layout_gridville, nicolae_ru_great_annihilating_truth,
          amcnicky_altar_gilded, minmay_temple_entry_wispy, serial_shops,
          nicolae_diamond_shop, uniq_crazy_yiuf_cottage
D:7:      layout_cave_pools, abandoned_shop, uniq_maggie

Skill      XL: |  1  2  3  4  5  6  7  8  9 |
---------------+----------------------------+-----
Axes           | 3 4 5 6 7 9 |  9.0
Dodging        | 2 3 4 |  4.2
Fighting       | 4 5 6 |  6.6
Stealth        | 1 2 3 4 |  4.2
Armour         | 3 |  3.9

Action                   |  1- 3 |  4- 6 |  7- 9 || total
-------------------------+-------+-------+-------++-------
Melee: Hand axe          |   147 |   152 |       ||   299
       War axe           |       |    16 |   219 ||   235
Invok: Berserk           |     1 |     9 |    13 ||    23
       Trog's Hand       |       |     1 |     1 ||     2
 Stab: Sleeping          |     1 |     4 |     2 ||     7
       Paralysed         |       |       |     1 ||     1
Armor: Animal skin       |    68 |    50 |       ||   118
       Leather armour    |       |     6 |    96 ||   102
Dodge: Dodged            |   107 |   110 |   111 ||   328
